 Dungeon Crawl Stone Soup version 0.22.0-25-g7663229 (webtiles) character file.

58 Kelyas the Grave Robber (level 3, -5/26 HPs)
             Began as a Demonspawn Necromancer on Aug 20, 2018.
             Slain by a water moccasin zombie (8 damage)
             ... on level 3 of the Dungeon.
             The game lasted 00:04:58 (2985 turns).

Kelyas the Grave Robber (Demonspawn Necromancer)    Turns: 2985, Time: 00:04:59

Health: -5/26      AC:  2    Str:  8    XL:     3   Next: 76%
Magic:  7/7        EV: 12    Int: 17    God:
Gold:   93         SH:  0    Dex: 13    Spells: 2/7 levels left

rFire    . . .     SeeInvis .   d - +4 mace
rCold    . . .     Gourm    .   (no shield)
rNeg     . . .     Faith    .   a - +0 robe
rPois    .         Spirit   .   (no helmet)
rElec    .         Reflect  .   (no cloak)
rCorr    .         Harm     .   (no gloves)
MR       .....                  (no boots)
Stlth    +++.......             (no amulet)
HPRegen  0.08/turn              (no ring)
MPRegen  0.10/turn              (no ring)

@: no status effects
A: nightstalker 1
a: no special abilities


You were on level 3 of the Dungeon.
You were not hungry.

You visited 1 branch of the dungeon, and saw 3 of its levels.

You collected 93 gold pieces.

Inventory:

Hand Weapons
 b - a +0 hand axe
 d - a +4 mace (weapon)
Armour
 a - a +0 robe (worn)
Jewellery
 e - a cursed -2 ring of evasion {unknown}
 h - a +3 ring of strength {unknown}
Scrolls
 f - a scroll of remove curse
 g - a scroll of fear {unknown}
 i - 3 scrolls of identify {unknown}
Potions
 k - a potion of brilliance {unknown}
 l - a potion of magic {unknown}
Comestibles
 c - 3 rations
 j - 2 chunks of flesh


   Skills:
 + Level 1.0 Fighting
 - Level 2.0 Dodging
 + Level 2.2 Stealth
 * Level 2.7 Spellcasting
 * Level 4.9 Necromancy


You had 2 spell levels left.
You knew the following spells:

 Your Spells              Type           Power        Failure   Level  Hunger
a - Pain                  Necr           ###.         2%          1    #......
b - Animate Skeleton      Necr           N/A          2%          1    #......
c - Vampiric Draining     Necr           ###.......   7%          3    ###....

Your spell library contained the following spells:

 Spells                   Type           Power        Failure   Level  Hunger
 Regeneration             Chrm/Necr      ##........   19%         3    ###....
 Animate Dead             Necr           N/A          24%         4    #####..


Dungeon Overview and Level Annotations

Branches:
Dungeon (3/15)

Altars:
Okawaru
Xom
The Shining One

Annotations:
D:3 CharlesKnoxton's ghost, amateur DrCj


Innate Abilities, Weirdness & Mutations

You are slightly more attuned to the shadows.


Message History

Confirm with . or Enter, or press ? or * to list all spells.
Okay, then.
The water moccasin zombie barely misses you.
There is a transporter here.
You enter the transporter and appear at another place.
The water moccasin zombie barely misses you.
Casting: Pain (safe; 2% risk of failure)
Confirm with . or Enter, or press ? or * to list all spells.
You can't see any susceptible monsters within range! (Use Z to cast anyway.) Unknown command.
You closely miss the water moccasin zombie.
The water moccasin zombie bites you. x2
You closely miss the water moccasin zombie.
The water moccasin zombie bites you.
You barely miss the water moccasin zombie.
The water moccasin zombie bites you! The water moccasin zombie bites you.
* * * LOW HITPOINT WARNING * * *
An orc comes into view. It is wielding a war axe.
The water moccasin zombie bites you!
You die...

##..#...........#...
##...#...........#..#
#....#..###.###..#..#
#....#..#8#.#8#..#...
#....#...........#...
##..©#$..).©.....#©..
##..#$..........#..#
#######Z#..#8#.#8#..#.##
#......@#..###.###..#.#
#.......#.......W...#.#
#.......#..........©#.##
#.......#############..#
#.........[...........#.
#.......#............###
#..o.....#####......##.#.
#.###..........#...####.#
#. #.###.#######.## ###


You could see an orc (wandering) and a water moccasin zombie.

Vanquished Creatures
  An adder (D:2)
  A worm (D:2)
  A dart slug (D:1)
  2 leopard geckos
  8 giant cockroaches
  8 goblins
  3 hobgoblins
  3 kobolds
  2 quokkas (D:3)
  2 bats
  4 frilled lizards
  2 rats
37 creatures vanquished.

Notes
Turn   | Place    | Note
-------+----------+-------------------------------------------
     0 | D:1      | Kelyas the Demonspawn Necromancer began the quest for the Orb.
     0 | D:1      | Reached XP level 1. HP: 13/13 MP: 3/3
   214 | D:1      | Gained mutation: You are slightly more attuned to the shadows. [demonic ancestry]
   214 | D:1      | Reached XP level 2. HP: 18/19 MP: 5/5
  1385 | D:2      | Found a shimmering altar of Xom.
  1385 | D:2      | Found an iron altar of Okawaru.
  1386 | D:2      | Found a glowing golden altar of the Shining One.
  1400 | D:2      | Reached XP level 3. HP: 22/25 MP: 6/6
  1460 | D:2      | Learned a level 1 spell: Animate Skeleton
  1464 | D:2      | Learned a level 3 spell: Vampiric Draining
  2377 | D:2      | Reached skill level 1 in Fighting
  2636 | D:3      | Found a transporter.
  2643 | D:3      | Found a transporter.
  2643 | D:3      | Noticed CharlesKnoxton's ghost (amateur DrCj)
  2985 | D:3      | Slain by a water moccasin zombie

Skill      XL: |  1  2  3 |
---------------+----------+-----
Dodging        | 2 |  2.0
Stealth        | 2 |  2.2
Fighting       | 1 |  1.0
Spellcasting   | |  2.7
Necromancy     | |  4.9

Action                   || total
-------------------------++-------
Melee: Hand axe          ||    41
       Mace              ||    52
 Cast: Pain              ||    30
  Use: Scroll            ||     1
       Potion            ||     1
 Stab: Sleeping          ||     9
  Eat: Chunk             ||     7
Armor: Robe              ||    18
Dodge: Dodged            ||    77
